AoeStats
← 季夏

Fortress

510319032Analyzed
1v1 RM · 3d ago on Sep 30, 2026· 40m 52s· 2 players
Game mode
Random Map
Map size
Small (3 player)
Population
200
Speed
Normal
Resources
Standard
Victory
Conquest
Starting age
Dark Age
Ending age
Imperial Age
RankedLock teamsTeams togetherTeam positionsShared explorationLock speedFull tech treeHidden civsTurbo modeCheats
Victory
Defeat
🇭🇺 Bohemians · Hungary
911
+16
🇨🇳 Franks · China
921
-16
Prometheus
5:17 Loom
8:02 Feudal Age
9:44 Horse Collar
10:06 Double-Bit Axe
13:04 Castle Age
11:11 Fletching
11:56 Padded Archer Armor
12:52 Forging
13:30 Scale Mail Armor
17:41 Squires
20:26 Wheelbarrow
19:58 Pikeman
24:26 Imperial Age
22:16 Bow Saw
22:28 Bodkin Arrow
26:18 Chemistry
25:39 Ballistics
25:48 Conscription
26:18 Siege Engineers
25:46 Halberdier
27:22 Wagenburg Tactics
28:11 Siege Engineers
29:23 Hand Cart
28:54 Town Watch
30:16 Heavy Plow
31:59 Iron Casting
31:43 Leather Archer Armor
31:25 Elite Hussite Wagon
35:53 Houfnice
36:59 Chain Mail Armor
40:23 Two-Man Saw
41:17 Bracer
42:18 Blast Furnace
41:49 Plate Mail Armor
41:50 Ring Archer Armor
季夏
3:46 Loom
6:10 Feudal Age
6:55 Double-Bit Axe
12:10 Castle Age
10:48 Scale Barding Armor
12:13 Forging
13:32 Wheelbarrow
14:59 Bow Saw
14:51 Gold Mining
17:50 Hand Cart
19:32 Chain Barding Armor
19:51 Town Watch
21:06 Stone Mining
24:58 Imperial Age
23:24 Gold Shaft Mining
24:27 Ordonnance Companies
25:20 Cavalier
27:59 Conscription
28:03 Husbandry
28:06 Chivalry
28:33 Cavalier
28:58 Cranequins
30:27 Iron Casting
31:43 Plate Barding Armor
31:02 Fletching
31:12 Padded Archer Armor
32:16 Blast Furnace
31:08 Fletching
34:01 Heavy Mounted Crossbowman
35:00 Bodkin Arrow
35:31 Paladin
40:08 Light Cavalry
Connection lost

Rejoining the realm…

Still unreachable

The connection could not be restored.

Session expired

The server has moved on; the page needs a fresh start.